 Dungeon Crawl Stone Soup version 0.25-a0-253-g6f1b5d974a (webtiles) character file.

Game seed: 12338483285749119238, levelgen mode: deterministic

32 maxmp3 the Sneak (level 3, 0/21 HPs)
             Began as a Vampire Assassin on Dec 5, 2019.
             Slain by a rat (1 damage)
             ... on level 2 of the Dungeon.
             The game lasted 00:05:49 (645 turns).

maxmp3 the Sneak (Vampire Assassin)                  Turns: 645, Time: 00:05:50

Health: 0/21       AC:  0    Str:  8 (10) XL:     3   Next: 10%
Magic:  3/3        EV: 19    Int: 11 (13) God:
Gold:   53         SH:  0    Dex: 19 (21) Spells: 2/2 levels left

rFire    . . .     SeeInvis +   (weapon currently unavailable)
rCold    + + .     Gourm    .   (shield currently unavailable)
rNeg     + + +     Faith    .   (armour currently unavailable)
rPois    ∞         Spirit   .   (helmet currently unavailable)
rElec    .         Reflect  .   (cloak currently unavailable)
rCorr    .         Harm     .   (gloves currently unavailable)
MR       .....                  (boots currently unavailable)
Stlth    ++++++....             (no amulet)
HPRegen  0.00/turn              (ring currently unavailable)
MPRegen  0.08/turn              (ring currently unavailable)

@: bat-form, flying, bloodless, very quick
A: tiny, no food, fangs 3, see invisible
a: Revivify, End Transformation


You were on level 2 of the Dungeon.
You were bloodless.
You were in vampire-bat-form.
You visited 1 branch of the dungeon, and saw 2 of its levels.

You collected 53 gold pieces.

Inventory:

Hand Weapons
 a - a +2 dagger (melded)
Missiles
 d - 8 poisoned darts (quivered)
 e - 6 curare-tipped darts
Armour
 b - a +0 robe (melded)
 c - a +0 cloak (melded)
Scrolls
 i - a scroll of enchant armour {unknown}
Potions
 f - 3 potions of flight {unknown}
 g - a potion of heal wounds {unknown}
 h - 3 potions of curing {unknown}


   Skills:
 + Level 1.7 Fighting
 + Level 2.6 Short Blades
 + Level 1.9 Throwing
 + Level 1.2 Dodging
 + Level 6.9 Stealth


You had 2 spell levels left.
You didn't know any spells.
Your spell library was empty.

Dungeon Overview and Level Annotations

Branches:
Dungeon (2/15)

Altars:


Innate Abilities, Weirdness & Mutations

You do not eat.
You do not regenerate when monsters are visible.
You are frail without blood (-20% HP).
You can heal yourself when you bite living creatures.
You are immune to poison.
You have razor-sharp teeth.
You have supernaturally acute eyesight. (SInv)
((You can survive without breathing.))


Message History

The rat bites you. The hobgoblin hits you with a +0 club.
The dart slug misses you.
You hit the hobgoblin but do no damage.
The hobgoblin is moderately wounded.
The rat misses you. The hobgoblin completely misses you.
You hit the hobgoblin but do no damage.
The hobgoblin is moderately wounded.
The rat completely misses you. The dart slug launches a dart at you.
The slug dart misses you. The hobgoblin barely misses you.
You hit the hobgoblin.
The hobgoblin is heavily wounded.
The rat closely misses you. The hobgoblin misses you.
The dart slug launches a dart at you. The slug dart hits you.
* * * LOW HITPOINT WARNING * * *
You hit the hobgoblin but do no damage.
The hobgoblin is heavily wounded.
The rat bites you.
You die...

.r....#.# #..#..#
......#.#######.##..#
......#.#.<.....###..
$.........####### #..
..####.### ##. #
##.....## #.
#.#.......## #.
#....).....# #.
#...b......# #.
....#.wgr.....# #.
#.............# ##
#.............#
##.........>..#
####.........#
#.........#
#.........#


You could see a dart slug, a hobgoblin and a rat.

Vanquished Creatures
  A worm (D:2)
  A dart slug (D:1)
  2 leopard geckos
  A ball python (D:1)
  A giant cockroach (D:1)
  6 hobgoblins
  2 jackals (D:1)
  A quokka (D:2)
  2 bats (D:2)
  2 frilled lizards (D:1)
  2 kobolds (D:1)
  2 rats
23 creatures vanquished.

Notes
Turn   | Place    | Note
-------+----------+-------------------------------------------
     0 | D:1      | maxmp3 the Vampire Assassin began the quest for the Orb.
     0 | D:1      | Reached XP level 1. HP: 16/16 MP: 1/1
    44 | D:1      | Reached skill level 6 in Stealth
   149 | D:1      | Reached XP level 2. HP: 21/22 MP: 2/2
   291 | D:1      | You fall into a shaft and drop 1 floor!
   461 | D:2      | Reached XP level 3. HP: 12/27 MP: 3/3
   644 | D:2      | HP: 1/21 [dart slug/slug dart (6)]
   645 | D:2      | Slain by a rat

Levels and vault maps discovered:
D:1:      dpeg_cavernosity, layout_basic, minmay_misc_feat_nine_boxes
D:2:      layout_rooms, serial_rivers, chequers_serial_rivers_room_b,
          chequers_serial_rivers_room_b, chequers_serial_rivers_marsh,
          chequers_serial_rivers_micro_d, fountainhead

Skill      XL: |  1 |
---------------+----+-----
Stealth        | 6 |  6.9
Fighting       | |  1.7
Short Blades   | |  2.6
Throwing       | |  1.9
Dodging        | |  1.2

Action                   || total
-------------------------++-------
Melee: Dagger            ||    57
       Bite              ||    11
       Unarmed           ||    20
 Abil: Bat Form          ||     1
       Exsanguinate      ||     1
 Stab: Sleeping          ||     7
Armor: Robe              ||    10
Dodge: Dodged            ||    54

Table legend:
 A = Non-vault XP
 B = Vault XP
 C = Vault XP percentage of total XP
 D = Non-vault monster count
 E = Vault monster count
 F = Vault count percentage of total count
                 A         B        C        D         E       F
            +---------+---------+-------+---------+---------+-------
      Total |      40 |       7 |  14.9 |      19 |       4 |  17.4
            +---------+---------+-------+---------+---------+-------
        D:1 |      20 |       7 |  25.9 |      10 |       4 |  28.6
        D:2 |      20 |       0 |   0.0 |       9 |       0 |   0.0
            +---------+---------+-------+---------+---------+-------
